 Dungeon Crawl Stone Soup version 0.26.1-11-gd32895ea62 (webtiles) character file.

Game seed: 7603807914025985445

77 jlumianski the Grasshopper (level 4, -1/38 HPs)
             Began as a Gnoll Warper on May 2, 2021.
             Slain by an orc priest
             ... wielding a +0 short sword
              (3 damage)
             ... on level 2 of the Dungeon.
             The game lasted 00:09:26 (2079 turns).

jlumianski the Grasshopper (Gnoll Warper)           Turns: 2079, Time: 00:09:27

Health: -1/38      AC:  3    Str: 11 (14) XL:     4   Next: 33%
Magic:  11/11      EV: 13    Int: 13 (16) God:
Gold:   80         SH:  0    Dex: 13 (14) Spells: 8/13 levels left

rFire    . . .     SeeInvis .   o - +1 dagger (venom)
rCold    . . .     Faith    .   (no shield)
rNeg     . . .     Spirit   .   b - +0 leather armour
rPois    .         Reflect  .   (no helmet)
rElec    .         Harm     .   (no cloak)
rCorr    .         Rampage  .   (no gloves)
Will     .....                  (no boots)
Stlth    +.........             (no amulet)
HPRegen  0.12/turn              (no ring)
MPRegen  0.12/turn              (no ring)

@: no status effects
A: distributed training, fangs 1, strong nose
a: no special abilities


You were on level 2 of the Dungeon.
You visited 1 branch of the dungeon, and saw 2 of its levels.

You collected 80 gold pieces.

Inventory:

Hand Weapons
 a - a +0 hand axe
 o - a +1 dagger of venom (weapon)
Missiles
 e - 5 boomerangs of dispersal
 f - 3 boomerangs
 h - 63 stones (quivered)
Armour
 b - a +0 leather armour (worn)
Scrolls
 d - 2 scrolls of blinking
 i - a scroll of random uselessness {unknown}
 j - a scroll of magic mapping {unknown}
 k - a scroll of amnesia {unknown}
 l - 2 scrolls of fear {unknown}
 m - a scroll of identify {unknown}
 n - a scroll of noise {unknown}
 p - a scroll of fog {unknown}
Potions
 c - a potion of might {unknown}
 g - a potion of flight {unknown}
 q - a potion of degeneration
 r - a potion of heal wounds {unknown}


   Skills:
 + Level 4.6 Fighting
 + Level 1.1 Short Blades
 + Level 1.1 Long Blades
 + Level 4.6 Axes
 + Level 1.1 Maces & Flails
 + Level 1.1 Polearms
 + Level 1.1 Staves
 + Level 1.1 Slings
 + Level 1.1 Bows
 + Level 1.1 Crossbows
 + Level 2.7 Throwing
 + Level 2.7 Armour
 + Level 4.6 Dodging
 + Level 1.1 Stealth
 + Level 1.1 Shields
 + Level 1.1 Unarmed Combat
 + Level 5.0 Spellcasting
 + Level 0.8 Conjurations
 + Level 0.8 Hexes
 + Level 0.8 Summonings
 + Level 0.8 Necromancy
 + Level 5.4 Translocations
 + Level 0.8 Transmutations
 + Level 0.8 Fire Magic
 + Level 0.8 Ice Magic
 + Level 0.8 Air Magic
 + Level 0.8 Earth Magic
 + Level 0.8 Poison Magic
 + Level 1.2 Invocations
 + Level 1.1 Evocations


You had 8 spell levels left.
You knew the following spells:

 Your Spells              Type           Power        Failure   Level
a - Blink                 Tloc           N/A          3%          2
b - Gell's Gravitas       Tloc           8%           8%          3

Your spell library contained the following spells:

 Spells                   Type           Power        Failure   Level
 Lesser Beckoning         Tloc           8%           8%          3
 Teleport Other           Tloc           17%          8%          3
 Passage of Golubria      Tloc           N/A          24%         4


Dungeon Overview and Level Annotations

Branches:
Dungeon (2/15)

Altars:
Xom


Innate Abilities, Weirdness & Mutations

Your experience applies equally to all skills.
You have very sharp teeth.
Your uncanny sense of smell can sniff out nearby items.


Message History

You hit the orc priest but do no damage.
The orc priest looks as sick as possible!
The orc priest is heavily wounded.
You hit the orc priest but do no damage.
Your bite misses the orc priest.
The orc priest is severely wounded.
The orc priest mumbles some strange prayers to Beogh against you.
Beogh smites you!
* * * LOW HITPOINT WARNING * * *
You hit the orc priest.
The orc priest looks as sick as possible!
The orc priest is severely wounded.
The orc priest calls down the wrath of Beogh upon you.
Pain shoots through your body!
* * * LOW HITPOINT WARNING * * *
It was a potion of degeneration.
There was something very wrong with that liquid.
You feel weakened.
You feel dopey.
You feel clumsy.
The orc priest hits you with a +0 short sword.
You die...

### ####+#.. #......# #####
#......###...# #............#
#............######
###..........##.....###.##
#.....>.......<...........
#........#####@.....###.#
#....)........o)....#
###.......#...###.....#
#.............#...)...#
..#.......#...#o#.....#
......##'###.##.#######
..^^^..#.###......#
#.^_^.....#####..o# ##
#.^.^.....#####...##############.


You could see an orc priest (extremely poisoned).

Vanquished Creatures
  A centaur skeleton (D:2)
  A gnoll (D:1)
  An ooze (D:1)
  A dart slug (D:2)
  An orc (D:1)
  4 bats
  A giant cockroach (D:1)
  3 hobgoblins
  4 jackals (D:2)
  5 kobolds
  3 frilled lizards
  4 goblins (D:1)
  4 rats
33 creatures vanquished.

Notes
Turn   | Place    | Note
-------+----------+-------------------------------------------
     0 | D:1      | jlumianski the Gnoll Warper began the quest for the Orb.
     0 | D:1      | Reached XP level 1. HP: 20/20 MP: 6/6
     6 | D:1      | Noticed a lindwurm
     6 | D:1      | Noticed an eight-headed hydra
     7 | D:1      | Noticed an anaconda
     7 | D:1      | Noticed a polar bear
   295 | D:1      | Reached XP level 2. HP: 26/26 MP: 7/7
   298 | D:1      | Learned a level 2 spell: Blink
   658 | D:1      | Reached XP level 3. HP: 27/31 MP: 9/9
   662 | D:1      | Learned a level 3 spell: Gell's Gravitas
   847 | D:1      | Reached skill level 5 in Spellcasting
  1512 | D:2      | Found a shimmering altar of Xom.
  1632 | D:2      | Reached skill level 1 in Short Blades
  1632 | D:2      | Reached skill level 1 in Long Blades
  1632 | D:2      | Reached skill level 1 in Maces & Flails
  1632 | D:2      | Reached skill level 1 in Polearms
  1632 | D:2      | Reached skill level 1 in Staves
  1632 | D:2      | Reached skill level 1 in Slings
  1632 | D:2      | Reached skill level 1 in Bows
  1632 | D:2      | Reached skill level 1 in Crossbows
  1632 | D:2      | Reached skill level 1 in Stealth
  1632 | D:2      | Reached skill level 1 in Shields
  1632 | D:2      | Reached skill level 1 in Unarmed Combat
  1632 | D:2      | Reached skill level 1 in Invocations
  1632 | D:2      | Reached skill level 1 in Evocations
  1632 | D:2      | Reached XP level 4. HP: 24/38 MP: 11/11
  2078 | D:2      | HP: 1/38 [orc priest/nerve-wracking pain (9)]
  2079 | D:2      | Slain by an orc priest

Illustrated notes

Levels and vault maps discovered:
D:1:      onia_arrival_zoo_common, layout_basic
D:2:      cheibrodos_pilgrimage, layout_basic, xom_teletrap_fun

Skill      XL: |  1  2  3 |
---------------+----------+-----
Spellcasting   | 5 |  5.0
Short Blades   | 1 |  1.1
Long Blades    | 1 |  1.1
Maces & Flails | 1 |  1.1
Polearms       | 1 |  1.1
Staves         | 1 |  1.1
Slings         | 1 |  1.1
Bows           | 1 |  1.1
Crossbows      | 1 |  1.1
Stealth        | 1 |  1.1
Shields        | 1 |  1.1
Unarmed Combat | 1 |  1.1
Invocations    | 1 |  1.2
Evocations     | 1 |  1.1
Fighting       | |  4.6
Axes           | |  4.6
Throwing       | |  2.7
Armour         | |  2.7
Dodging        | |  4.6
Conjurations   | |  0.8
Hexes          | |  0.8
Summonings     | |  0.8
Necromancy     | |  0.8
Translocations | |  5.4
Transmutations | |  0.8
Fire Magic     | |  0.8
Ice Magic      | |  0.8
Air Magic      | |  0.8
Earth Magic    | |  0.8
Poison Magic   | |  0.8

Action                   |  1- 3 |  4- 6 || total
-------------------------+-------+-------++-------
Melee: Hand axe          |    47 |       ||    47
       Bite              |     5 |     5 ||    10
       Dagger            |    26 |    32 ||    58
Throw: Boomerang         |     4 |       ||     4
       Stone             |     9 |     7 ||    16
 Cast: Blink             |     1 |       ||     1
       Gell's Gravitas   |     1 |     1 ||     2
  Use: Potion            |       |     1 ||     1
 Stab: Sleeping          |     1 |     1 ||     2
Armor: Leather armour    |    21 |     5 ||    26
Dodge: Dodged            |    66 |    16 ||    82
